 Dungeon Crawl Stone Soup version 0.29-a0-542-g075992c915 (webtiles) character file.

Game seed: 4317639795327199238

21 oldriver the Skirmisher (level 2, 0/25 HPs)
             Began as a Palentonga Delver on June 4, 2022.
             Slain by a scorpion (1 damage)
             ... on level 4 of the Dungeon.
             The game lasted 00:00:52 (129 turns).

oldriver the Skirmisher (Palentonga Delver)          Turns: 129, Time: 00:00:52

Health: 0/25       AC:  4    Str: 15    XL:     2   Next: 65%
Magic:  2/2        EV:  9    Int: 10    God:
Gold:   14         SH:  0    Dex: 11    Spells: 1/1 levels left

rFire   . . .      SeeInvis +   a - +0 hand axe
rCold   . . .      Faith    .   (no shield)
rNeg    . . .      Spirit   .   b - +0 leather armour
rPois   .          Reflect  .   (no helmet)
rElec   .          Harm     .   (no cloak)
rCorr   .          Rampage  .   (no gloves)
Will    .....                   (no barding)
Stlth   ++........              (no amulet)
HPRegen 0.08/turn               (no ring)
MPRegen 0.08/turn               (no ring)

@: mighty, lethally poisoned (0 -> -2), attractive
A: large, rugged brown scales 3, see invisible, deformed body, roll 1, armoured
tail
a: Rolling Charge


You were on level 4 of the Dungeon.
You visited 1 branch of the dungeon, and saw 4 of its levels.

You collected 14 gold pieces.

Inventory:

Hand Weapons
 a - a +0 hand axe (weapon)
Armour
 b - a +0 leather armour (worn)
Wands
 g - a wand of digging (3)
Scrolls
 c - a scroll of fog
 d - a scroll of magic mapping
 e - a scroll of fear
 i - a scroll of identify {unknown}
Potions
 f - a potion of haste


   Skills:
 + Level 3.5 Fighting
 + Level 2.7 Axes
 - Level 1.5 Dodging
 - Level 3.3 Stealth


You had one spell level left.
You didn't know any spells.
Your spell library was empty.

Dungeon Overview and Level Annotations

Branches:
Dungeon (6/15)
 Temple: D:4-7

Altars:

Shops:
D:5 (


Innate Abilities, Weirdness & Mutations

You are completely covered in rugged brown scales. (AC +3, +7% HP)
You have supernaturally acute eyesight. (SInv)
Armour fits poorly on your strangely shaped body.
You can roll at nearby foes to attack.
You have a long armoured tail.


Message History

The adder is moderately wounded.
The adder barely misses you. The adder bites you but does no damage.
You closely miss the adder.
The adder is moderately wounded.
A scorpion comes into view.
The adder bites you.
You are poisoned.
The adder poisons you!
You hit the adder.
The adder is heavily wounded.
You feel sick. The adder bites you but does no damage. The adder bites you.
* * * LOW HITPOINT WARNING * * *
You are lethally poisoned!
The adder poisons you!
You miss the adder.
The adder is heavily wounded.
* * * LOW HITPOINT WARNING * * *
You feel sick. The adder barely misses you.
It was a potion of might.
You feel very mighty all of a sudden.
* * * LOW HITPOINT WARNING * * *
You feel sick. The adder bites you but does no damage.
The adder barely misses you.
It was a potion of attraction.
You feel attractive to monsters.
* * * LOW HITPOINT WARNING * * *
You feel sick. The adder closely misses you.
The scorpion is attracted toward you.
You slash the adder!
You kill the adder!
You hit the scorpion.
* * * LOW HITPOINT WARNING * * *
You feel sick.
The scorpion stings you but does no damage.
Unknown command.
You slash the scorpion!
The scorpion is severely wounded.
* * * LOW HITPOINT WARNING * * *
You feel sick. The scorpion barely misses you. The scorpion stings you.
You die...

. ###...
#####......
##.....#....
##....§......
#....s.......
#)...@†$..#
#.<.......#
#.........#
#.........# ##
##.......####..
.........<..#...#
..#...........###
..
#.............# .
........$....###


You could see a scorpion.

Vanquished Creatures
  2 adders
  An orc (D:4)
  A ball python (D:3)
4 creatures vanquished.

Notes
Turn   | Place    | Note
-------+----------+-------------------------------------------
     0 | D:5      | oldriver the Palentonga Delver began the quest for the Orb.
     0 | D:5      | Reached XP level 1. HP: 19/19 MP: 1/1
    16 | D:5      | Noticed a phantom
    17 | D:5      | Found Vif Bedis's Antique Weapon Boutique.
    17 | D:5      | Noticed a phantom
    24 | D:6      | Noticed an iguana
    43 | D:4      | Noticed a scorpion
    62 | D:3      | Reached XP level 2. HP: 20/25 MP: 2/2
   110 | D:3      | Noticed a black bear
   123 | D:4      | Noticed a scorpion
   129 | D:4      | HP: 1/25 [poisoned by an adder]
   129 | D:4      | Slain by a scorpion

Illustrated notes

Levels and vault maps discovered:
D:3:      layout_loops_cross, nicolae_gozag_seed_capital,
          uniq_crazy_yiuf_cottage
D:4:      layout_rooms, lightli_ossuary_entry_decrepit_ruins, serial_shops,
          kennysheep_mini, sigmund_edmund_badplayer, uniq_grinder
D:5:      layout_rooms, mainiacjoe_overflow_boulevard, serial_shops,
          nicolae_lakefront_shop
D:6:      layout_basic, dancing_weapons_uskayaw,
          minmay_temple_entry_purple_smoke, uniq_menkaure, uniq_eustachio

Action                   || total
-------------------------++-------
Melee: Hand axe          ||    17
       Tailslap          ||     1
 Abil: Rolling Charge    ||     2
  Use: Potion            ||     2
Armor: Leather armour    ||     8
Dodge: Dodged            ||    12

Table legend: (Time is in decaauts)
 A = Elapsed time spent in this place.
 B = Non-inter-level travel time spent in this place.
 C = Inter-level travel time spent in this place.
 D = Time resting spent in this place.
 E = Time spent auto-exploring this place.
 F = Levels seen in this place.
 G = Mean time per level.
                   A        B        C        D        E       F      G
               +--------+--------+--------+--------+--------+-----+--------+
         Total |    131 |    110 |     21 |      0 |      0 |   4 |   32.8 |
       Dungeon |    131 |    110 |     21 |      0 |      0 |   4 |   32.8 |
               +--------+--------+--------+--------+--------+-----+--------+

Top non-repeatable levels by time:
     D:3: 54 daAuts
     D:4: 35 daAuts
     D:5: 27 daAuts
     D:6: 14 daAuts
